EL
PENSACOLA BLUE WAHOOS @ COLORADO (EL) ROCKIES
06/07/2048
 
TOP OF THE 1ST
Pensacola Blue Wahoos batting - Pitching for Colorado (EL) Rockies : RHP Dave Shanks
Pitching: RHP Dave Shanks
Batting: RHB Jonathan Robies 0-0: Ball
1-0: Foul Ball, location: 2F
1-1: Swinging Strike
1-2: Ball
2-2: SINGLE (Groundball, 56D, EV 100.0 MPH)
Batting: RHB Tony Casas 0-0: Ball
1-0: SINGLE (Line Drive, 78S, EV 108.8 MPH)
Jonathan Robies to second
Batting: RHB Juan Reyes 0-0: Called Strike
0-1: Fielders Choice at 2nd, 5-4 (Groundball, 56S, EV 83.8 MPH)
Jonathan Robies to third
Batting: RHB Jordan Torres 0-0: DOUBLE (Flyball, 89XD, EV 95.0 MPH)
Jonathan Robies scores
Juan Reyes to third
Batting: RHB Dave Ruiz 0-0: Called Strike
0-1: Swinging Strike
0-2: Strikes out swinging
Batting: LHB Brian Snyder 0-0: Ball
1-0: Ball
2-0: Ball
3-0: Base on Balls
Batting: RHB Joe Kooyers 0-0: Ball
1-0: Ball
2-0: Ball
3-0: Base on Balls
Juan Reyes scores
Jordan Torres to third
Brian Snyder to second
Batting: RHB Matt Silva 0-0: SINGLE (Groundball, 56D, EV 95.0 MPH)
Jordan Torres scores
Brian Snyder to third
Joe Kooyers to second
Runner from 3rd tries for Home, throw by LF and OUT! 7-2
Top of the 1st over - 3 runs, 4 hits, 0 errors, 2 left on base; Pensacola 3 - Colorado (EL) 0
BOTTOM OF THE 1ST
Colorado (EL) Rockies batting - Pitching for Pensacola Blue Wahoos : LHP Mark Sandoval
Pitching: LHP Mark Sandoval
Batting: LHB Nick Martin 0-0: Called Strike
0-1: Bunt missed!
0-2: Ball
1-2: Ball
2-2: Ball
3-2: Base on Balls
Batting: SHB Jeff Sorrels 0-0: Foul Ball, location: 2F
0-1: Swinging Strike
0-2: Ball
1-2: Foul Ball, location: 2F
1-2: Ball
2-2: DOUBLE (Flyball, 89D, EV 87.5 MPH)
Nick Martin to third
Batting: RHB Ray Insley 0-0: Ball
1-0: Called Strike
1-1: Ball
2-1: Ball
3-1: Ground out 5-3 (Groundball, 56, EV 88.1 MPH)
Nick Martin scores
Batting: RHB Matviy Oliynyk 0-0: Called Strike
0-1: Ball
1-1: Fly out, F7 (Flyball, 78D, EV 104.4 MPH)
Batting: RHB Andy Rayer 0-0: Called Strike
0-1: Called Strike
0-2: Ball
1-2: Ball
2-2: Foul Ball, location: 2F
2-2: Foul Ball, location: 2F
2-2: Foul Ball, location: 2F
2-2: Foul Ball, location: 2F
2-2: Foul Ball, location: 2F
2-2: Foul Ball, location: 2F
2-2: Fly out, F5 (Popup, 56S, EV 83.1 MPH)
Bottom of the 1st over - 1 run, 1 hit, 0 errors, 1 left on base; Pensacola 3 - Colorado (EL) 1
TOP OF THE 2ND
Pensacola Blue Wahoos batting - Pitching for Colorado (EL) Rockies : RHP Dave Shanks
Batting: LHB Phil Lomax 0-0: Foul Ball, location: 2F
0-1: Called Strike
0-2: Strikes out swinging
Batting: RHB Jonathan Robies 0-0: Ball
1-0: Ball
2-0: Ball
3-0: Base on Balls
Batting: RHB Tony Casas 0-0: Ball
Jonathan Robies steals 2nd base
1-0: Ball
2-0: Ball
3-0: Called Strike
3-1: Swinging Strike
3-2: Foul Ball, location: 2F
3-2: SINGLE (Groundball, 6M, EV 96.2 MPH) (infield hit)
Jonathan Robies to third
Batting: RHB Juan Reyes 0-0: Called Strike
Tony Casas steals 2nd base
0-1: Ball
1-1: Ball
2-1: Foul Ball, location: 2F
2-2: Ball
3-2: Foul Ball, location: 2F
3-2: Foul Ball, location: 2F
3-2: Foul Ball, location: 2F
3-2: Base on Balls
Batting: RHB Jordan Torres 0-0: Called Strike
0-1: Swinging Strike
0-2: Ball
1-2: Grounds into double play, U5-3 (Groundball, 5L, EV 81.9 MPH)
Top of the 2nd over - 0 runs, 1 hit, 0 errors, 2 left on base; Pensacola 3 - Colorado (EL) 1
BOTTOM OF THE 2ND
Colorado (EL) Rockies batting - Pitching for Pensacola Blue Wahoos : LHP Mark Sandoval
Batting: RHB Pei Xie 0-0: Called Strike
0-1: Swinging Strike
0-2: Strikes out swinging
Batting: RHB Yamashita Yagi 0-0: Ground out 6-3 (Groundball, 6S, EV 86.9 MPH)
Batting: LHB Daniel Green 0-0: Called Strike
0-1: Ball
1-1: Foul Ball, location: 2F
1-2: Ball
2-2: SINGLE (Groundball, 6M, EV 83.8 MPH) (infield hit)
Batting: LHB Harry Folsom 0-0: Ball
1-0: Ball
2-0: Fly out, F9 (Flyball, 9D, EV 101.9 MPH)
Bottom of the 2nd over - 0 runs, 1 hit, 0 errors, 1 left on base; Pensacola 3 - Colorado (EL) 1
TOP OF THE 3RD
Pensacola Blue Wahoos batting - Pitching for Colorado (EL) Rockies : RHP Dave Shanks
Batting: RHB Dave Ruiz 0-0: SINGLE (Groundball, P, EV 93.1 MPH) (infield hit)
Batting: LHB Brian Snyder 0-0: Swinging Strike
0-1: Ball
1-1: DOUBLE (Line Drive, 89M, EV 97.5 MPH)
Dave Ruiz to third
Batting: RHB Joe Kooyers 0-0: SINGLE (Groundball, 4MS, EV 60.6 MPH) (infield hit)
Dave Ruiz scores
Brian Snyder to third
Batting: RHB Matt Silva 0-0: Foul Ball, location: 2F
0-1: Ball
1-1: Reached on error, E6 (Groundball, 6S, EV 83.1 MPH)
Brian Snyder scores
Joe Kooyers to second
Pitching: RHP Michael Conrad
Batting: LHB Phil Lomax 0-0: Fielders Choice at 2nd, 4-6 (Groundball, 4, EV 104.4 MPH)
Joe Kooyers to third
Batting: RHB Jonathan Robies 0-0: Foul Ball, location: 2F
0-1: Called Strike
0-2: Foul Ball, location: 2F
0-2: Ball
Wild Pitch!
Joe Kooyers scores
Phil Lomax to second
1-2: Ball
2-2: Ground out 5-3 (Groundball, 5, EV 85.6 MPH)
Batting: RHB Tony Casas 0-0: Swinging Strike
0-1: Ball
1-1: Called Strike
1-2: Foul Ball, location: 2F
1-2: Fly out, F9 (Flyball, 9LS, EV 84.4 MPH)
Top of the 3rd over - 3 runs, 3 hits, 1 error, 1 left on base; Pensacola 6 - Colorado (EL) 1
BOTTOM OF THE 3RD
Colorado (EL) Rockies batting - Pitching for Pensacola Blue Wahoos : LHP Mark Sandoval
Batting: LHB Nick Martin 0-0: Ball
1-0: Foul Ball, location: 2F
1-1: Ball
2-1: Called Strike
2-2: Ball
3-2: Base on Balls
Batting: SHB Jeff Sorrels 0-0: Swinging Strike
0-1: Ball
1-1: Ball
2-1: Foul Ball, location: 2F
2-2: Strikes out swinging
Batting: RHB Ray Insley 0-0: Ball
1-0: Ball
2-0: Called Strike
2-1: Called Strike
2-2: Foul Ball, location: 2F
2-2: Foul Ball, location: 2F
2-2: Strikes out swinging
Batting: RHB Matviy Oliynyk 0-0: Ball
Nick Martin steals 2nd base
1-0: Ball
Wild Pitch!
Nick Martin to third
2-0: Ball
3-0: Base on Balls
Batting: RHB Andy Rayer 0-0: Ball
1-0: Foul Ball, location: 2F
1-1: Ground out 4-3 (Groundball, 34, EV 79.4 MPH)
Bottom of the 3rd over - 0 runs, 0 hits, 0 errors, 2 left on base; Pensacola 6 - Colorado (EL) 1
TOP OF THE 4TH
Pensacola Blue Wahoos batting - Pitching for Colorado (EL) Rockies : RHP Michael Conrad
Batting: RHB Juan Reyes 0-0: Foul Ball, location: 2F
0-1: Foul Ball, location: 2F
0-2: Foul Ball, location: 2F
0-2: Ball
1-2: SINGLE (Line Drive, 9LS, EV 112.5 MPH)
Batting: RHB Jordan Torres 0-0: Foul Ball, location: 2F
0-1: Grounds into double play, 4-6-3 (Groundball, 4, EV 83.1 MPH)
Batting: RHB Dave Ruiz 0-0: Called Strike
0-1: Ball
1-1: Ball
2-1: Ball
3-1: Foul Ball, location: 2F
3-2: Foul Ball, location: 2F
3-2: Strikes out swinging
Top of the 4th over - 0 runs, 1 hit, 0 errors, 0 left on base; Pensacola 6 - Colorado (EL) 1
BOTTOM OF THE 4TH
Colorado (EL) Rockies batting - Pitching for Pensacola Blue Wahoos : LHP Mark Sandoval
Batting: RHB Pei Xie 0-0: Ball
1-0: Ball
2-0: Ball
3-0: Called Strike
3-1: Fly out, F9 (Line Drive, 9S, EV 98.8 MPH)
Batting: RHB Yamashita Yagi 0-0: Called Strike
0-1: Foul Ball, location: 2F
0-2: Strikes out swinging
Batting: LHB Daniel Green 0-0: Ball
1-0: Ground out 5-3 (Groundball, 56, EV 88.1 MPH)
Bottom of the 4th over - 0 runs, 0 hits, 0 errors, 0 left on base; Pensacola 6 - Colorado (EL) 1
TOP OF THE 5TH
Pensacola Blue Wahoos batting - Pitching for Colorado (EL) Rockies : RHP Michael Conrad
Batting: LHB Brian Snyder 0-0: Called Strike
0-1: Called Strike
0-2: Strikes out looking
Batting: RHB Joe Kooyers 0-0: Ball
1-0: Ball
2-0: Ground out 6-3 (Groundball, 6, EV 83.1 MPH)
Batting: RHB Matt Silva 0-0: Called Strike
0-1: Ball
1-1: Swinging Strike
1-2: Ball
2-2: Foul Ball, location: 2F
2-2: Ground out U3 (Groundball, 23, EV 92.5 MPH)
Top of the 5th over - 0 runs, 0 hits, 0 errors, 0 left on base; Pensacola 6 - Colorado (EL) 1
BOTTOM OF THE 5TH
Colorado (EL) Rockies batting - Pitching for Pensacola Blue Wahoos : LHP Mark Sandoval
Batting: LHB Harry Folsom 0-0: Foul Ball, location: 2F
0-1: Ground out 4-3 (Groundball, 4, EV 80.6 MPH)
Batting: LHB Nick Martin 0-0: Called Strike
0-1: Fly out, F8 (Flyball, 89D, EV 93.8 MPH)
Batting: SHB Jeff Sorrels 0-0: Ball
1-0: Foul Ball, location: 2F
1-1: Swinging Strike
1-2: Ball
2-2: Ball
3-2: Foul Ball, location: 2F
3-2: Strikes out swinging
Bottom of the 5th over - 0 runs, 0 hits, 0 errors, 0 left on base; Pensacola 6 - Colorado (EL) 1
TOP OF THE 6TH
Pensacola Blue Wahoos batting - Pitching for Colorado (EL) Rockies : RHP Michael Conrad
Batting: LHB Phil Lomax 0-0: Ball
1-0: Ground out U3 (Groundball, 3, EV 88.1 MPH)
Batting: RHB Jonathan Robies 0-0: Ball
1-0: Foul Ball, location: 2F
1-1: Swinging Strike
1-2: Ground out 6-3 (Groundball, 6S, EV 75.0 MPH)
Batting: RHB Tony Casas 0-0: Ball
1-0: Foul Ball, location: 2F
1-1: Ball
2-1: Called Strike
2-2: Foul Ball, location: 2F
2-2: Foul Ball, location: 2F
2-2: Foul Ball, location: 2F
2-2: Strikes out swinging
Top of the 6th over - 0 runs, 0 hits, 0 errors, 0 left on base; Pensacola 6 - Colorado (EL) 1
BOTTOM OF THE 6TH
Colorado (EL) Rockies batting - Pitching for Pensacola Blue Wahoos : LHP Mark Sandoval
Batting: RHB Ray Insley 0-0: Foul Ball, location: 2F
0-1: Ball
1-1: Foul Ball, location: 2F
1-2: Ball
2-2: Ball
3-2: Strikes out swinging, 2-3 out at first.
Pitching: RHP Kevin Nabity
Batting: RHB Matviy Oliynyk 0-0: Swinging Strike
0-1: Ball
1-1: Foul Ball, location: 2F
1-2: Ground out 5-3 (Groundball, 56, EV 80.6 MPH)
Batting: RHB Andy Rayer 0-0: Fly out, F8 (Flyball, 89D, EV 103.1 MPH)
Bottom of the 6th over - 0 runs, 0 hits, 0 errors, 0 left on base; Pensacola 6 - Colorado (EL) 1
TOP OF THE 7TH
Pensacola Blue Wahoos batting - Pitching for Colorado (EL) Rockies : RHP Michael Conrad
Pitching: RHP Dane Long
Batting: RHB Juan Reyes 0-0: Ball
1-0: Ball
2-0: Called Strike
2-1: Ball
3-1: Fly out, F8 (Flyball, 8RM, EV 90.6 MPH)
Batting: RHB Jordan Torres 0-0: Called Strike
0-1: Ball
1-1: Fly out, F3 (Popup, 3SF, EV 83.8 MPH)
Batting: RHB Dave Ruiz 0-0: Ball
1-0: Called Strike
1-1: Fly out, F3 (Popup, 23F, EV 90.0 MPH)
Top of the 7th over - 0 runs, 0 hits, 0 errors, 0 left on base; Pensacola 6 - Colorado (EL) 1
BOTTOM OF THE 7TH
Colorado (EL) Rockies batting - Pitching for Pensacola Blue Wahoos : RHP Kevin Nabity
Batting: RHB Pei Xie 0-0: Called Strike
0-1: Foul Ball, location: 2F
0-2: Ball
1-2: Ball
2-2: Ball
3-2: Strikes out swinging
Batting: RHB Yamashita Yagi 0-0: Called Strike
0-1: Ground out 6-3 (Groundball, 6, EV 85.6 MPH)
Batting: LHB Daniel Green 0-0: Swinging Strike
0-1: Foul Ball, location: 2F
0-2: Ball
1-2: Ball
2-2: Foul Ball, location: 2F
2-2: DOUBLE (Line Drive, 7LM, EV 103.1 MPH)
Batting: LHB Harry Folsom 0-0: Ball
1-0: Ball
2-0: Called Strike
2-1: Foul Ball, location: 2F
2-2: SINGLE (Line Drive, 7S, EV 103.1 MPH)
Daniel Green to third
Batting: LHB Nick Martin 0-0: Called Strike
0-1: Ball
1-1: Called Strike
1-2: Strikes out swinging
Bottom of the 7th over - 0 runs, 2 hits, 0 errors, 2 left on base; Pensacola 6 - Colorado (EL) 1
TOP OF THE 8TH
Pensacola Blue Wahoos batting - Pitching for Colorado (EL) Rockies : RHP Dane Long
Batting: LHB Brian Snyder 0-0: Swinging Strike
0-1: Swinging Strike
0-2: Ball
1-2: Ball
2-2: SINGLE (Groundball, 4D, EV 97.5 MPH)
Batting: RHB Joe Kooyers 0-0: Ball
1-0: Called Strike
1-1: Fly out, F4 (Line Drive, 4, EV 68.8 MPH)
Batting: RHB Matt Silva 0-0: Called Strike
0-1: Foul Ball, location: 2F
0-2: Grounds into double play, 6-4-3 (Groundball, 6, EV 96.2 MPH)
Top of the 8th over - 0 runs, 1 hit, 0 errors, 0 left on base; Pensacola 6 - Colorado (EL) 1
BOTTOM OF THE 8TH
Colorado (EL) Rockies batting - Pitching for Pensacola Blue Wahoos : RHP Kevin Nabity
Batting: SHB Jeff Sorrels 0-0: Swinging Strike
0-1: Foul Ball, location: 2F
0-2: Strikes out looking
Batting: RHB Ray Insley 0-0: Called Strike
0-1: Foul Ball, location: 2F
0-2: Ball
1-2: Strikes out swinging
Batting: RHB Matviy Oliynyk 0-0: Ball
1-0: Ball
2-0: Called Strike
2-1: Ground out 6-3 (Groundball, 6, EV 94.4 MPH)
Bottom of the 8th over - 0 runs, 0 hits, 0 errors, 0 left on base; Pensacola 6 - Colorado (EL) 1
TOP OF THE 9TH
Pensacola Blue Wahoos batting - Pitching for Colorado (EL) Rockies : RHP Dane Long
Batting: LHB Phil Lomax 0-0: Called Strike
0-1: Called Strike
0-2: Ball
1-2: Strikes out swinging
Batting: RHB Jonathan Robies 0-0: Ball
1-0: Ball
2-0: Called Strike
2-1: Foul Ball, location: 2F
2-2: Ball
3-2: SINGLE (Groundball, 4M, EV 105.6 MPH) (infield hit)
Pitching: RHP Lorenzo Pacheco
Batting: RHB Tony Casas 0-0: Foul Ball, location: 2F
0-1: Grounds into double play, 4-6-3 (Groundball, 4S, EV 80.6 MPH)
Top of the 9th over - 0 runs, 1 hit, 0 errors, 0 left on base; Pensacola 6 - Colorado (EL) 1
BOTTOM OF THE 9TH
Colorado (EL) Rockies batting - Pitching for Pensacola Blue Wahoos : RHP Kevin Nabity
Batting: RHB Andy Rayer 0-0: Ball
1-0: Ball
2-0: Foul Ball, location: 2F
2-1: Ball
3-1: Called Strike
3-2: Foul Ball, location: 2F
3-2: DOUBLE (Flyball, 8RXD, EV 108.8 MPH)
Pitching: RHP Gilbert Paparelli
Pinch Hitting: RHB T.J. Williams 0-0: Ball
1-0: SINGLE (Line Drive, 6D, EV 95.0 MPH)
Andy Rayer to third
Batting: RHB Yamashita Yagi 0-0: Ball
1-0: Fielders Choice at 2nd, 3-6 (Groundball, 3, EV 84.4 MPH)
Andy Rayer scores
Batting: LHB Daniel Green 0-0: Called Strike
0-1: Ball
1-1: Ball
2-1: Called Strike
2-2: Foul Ball, location: 2F
2-2: TRIPLE (Flyball, 8LXD, EV 93.8 MPH)
Yamashita Yagi scores
Pitching: RHP Tim Bant
Batting: LHB Harry Folsom 0-0: Called Strike
0-1: Ball
1-1: SINGLE (Line Drive, 34D, EV 93.8 MPH)
Daniel Green scores
Batting: LHB Nick Martin 0-0: Called Strike
0-1: Swinging Strike
0-2: Ball
1-2: Ball
2-2: Ball
3-2: Strikes out swinging
Batting: SHB Jeff Sorrels 0-0: Ball
1-0: Fly out, F7 (Flyball, 7, EV 91.2 MPH)
Bottom of the 9th over - 3 runs, 4 hits, 0 errors, 1 left on base; Pensacola 6 - Colorado (EL) 4
Tuesday, March 28th , 2023 - OOTP Baseball 23.10 Build 110